AoeStats
← Bandolero

Arabia

510103692Analyzed
4v4 RM · 1d ago on Sep 29, 2026· 49m 5s· 8 players
Game mode
Random Map
Map size
Large (8 player)
Population
200
Speed
Normal
Resources
Standard
Victory
Conquest
Starting age
Dark Age
Ending age
Imperial Age
RankedLock teamsTeams togetherTeam positionsShared explorationLock speedFull tech treeHidden civsTurbo modeCheats
Victory
Defeat
🇦🇷 Maya · Argentina
1858
+10
🇺🇾 Lithuanians · Uruguay
1793
+12
🇦🇷 Khmer · Argentina
1690
+16
🇦🇷 Vietnamese · Argentina
1601
+20
🇻🇳 Ethiopians · Vietnam
1782
-18
🇭🇰 Saxons · Hong Kong SAR China
1679
-14
🇹🇷 Lithuanians · Türkiye
1673
-13
🇵🇪 Varangians · Peru
1657
-13
Fe
7:21 Loom
10:12 Feudal Age
12:48 Fletching
21:37 Castle Age
20:45 Double-Bit Axe
22:18 Bodkin Arrow
21:49 Crossbowman
24:25 Guard Tower
25:10 Ballistics
27:22 Bow Saw
28:55 Town Watch
30:24 Guard Tower
31:02 Guard Tower
36:44 Padded Archer Armor
44:49 Horse Collar
HunTerZ
6:42 Loom
8:58 Feudal Age
9:30 Double-Bit Axe
9:48 Horse Collar
14:56 Forging
17:08 Scale Barding Armor
21:17 Castle Age
20:02 Gold Mining
20:26 Bloodlines
25:17 Wheelbarrow
25:54 Chain Barding Armor
29:27 Iron Casting
32:48 Husbandry
33:50 Bow Saw
37:33 Town Watch
43:12 Imperial Age
41:39 Heavy Plow
41:58 Light Cavalry
43:13 Cavalier
44:31 Plate Barding Armor
43:47 Winged Hussar
44:40 Paladin
45:32 Capped Ram
noru
6:29 Loom
8:41 Feudal Age
9:23 Double-Bit Axe
13:28 Bloodlines
17:45 Forging
19:32 Wheelbarrow
22:57 Castle Age
21:41 Scale Barding Armor
23:03 Light Cavalry
24:14 Chain Barding Armor
25:15 Town Watch
26:11 Husbandry
30:14 Iron Casting
31:45 Gold Mining
39:53 Imperial Age
39:59 Cavalier
41:16 Plate Barding Armor
41:26 Stone Mining
42:21 Hand Cart
44:49 Stone Shaft Mining
VIPN@U
5:46 Loom
8:39 Feudal Age
11:42 Fletching
14:12 Padded Archer Armor
16:57 Double-Bit Axe
22:29 Castle Age
20:44 Town Watch
20:50 Horse Collar
22:33 Crossbowman
23:08 Bodkin Arrow
23:45 Bow Saw
24:37 Ballistics
24:46 Leather Archer Armor
25:51 Heavy Plow
36:31 Wheelbarrow
37:55 Thumb Ring
43:53 Imperial Age
42:51 Hand Cart
43:38 Gold Mining
43:56 Arbalester
44:43 Bracer
46:09 Chemistry
~BroKen~
6:07 Loom
9:03 Feudal Age
9:36 Double-Bit Axe
9:52 Horse Collar
15:21 Scale Barding Armor
16:37 Forging
19:33 Bloodlines
20:55 Wheelbarrow
24:16 Castle Age
24:02 Gold Mining
25:37 Chain Barding Armor
26:01 Bow Saw
26:12 Husbandry
35:33 Iron Casting
35:59 Hand Cart
43:10 Imperial Age
41:53 Light Cavalry
43:12 Cavalier
44:54 Plate Barding Armor
DS_Alec
8:44 Feudal Age
8:16 Loom
9:37 Double-Bit Axe
10:39 Horse Collar
14:07 Wheelbarrow
19:35 Castle Age
18:12 Bloodlines
18:58 Scale Barding Armor
19:11 Gold Mining
21:22 Bow Saw
24:57 Husbandry
24:43 Town Watch
29:10 Chain Barding Armor
30:28 Forging
37:03 Hand Cart
39:52 Imperial Age
37:35 Stone Mining
39:16 Iron Casting
39:57 Cavalier
41:14 Plate Barding Armor
41:02 Conscription
43:02 Elite Leitis
43:40 Fletching
44:32 Heavy Plow
45:34 Two-Man Saw
Bandolero
6:08 Loom
9:11 Feudal Age
9:50 Double-Bit Axe
14:25 Fletching
18:32 Padded Archer Armor
24:42 Castle Age
24:21 Gold Mining
24:45 Crossbowman
25:39 Bodkin Arrow
29:13 Stone Mining
33:54 Leather Archer Armor
36:53 Ballistics
37:58 Stone Shaft Mining
37:46 Town Watch
40:47 Wheelbarrow
Lea
0:25 Loom
8:45 Feudal Age
11:07 Double-Bit Axe
14:03 Fletching
20:00 Castle Age
19:48 Padded Archer Armor
20:16 Crossbowman
21:49 Bodkin Arrow
23:26 Ballistics
26:55 Thumb Ring
32:09 Bow Saw
31:50 Gold Mining
33:52 Horse Collar
36:55 Wheelbarrow
38:45 Hand Cart
39:15 Town Watch
43:07 Imperial Age
43:58 Bracer
44:59 Chemistry
44:13 Arbalester
44:33 Pikeman
45:13 Squires
46:20 Town Patrol
46:59 Conscription
47:45 Elite Plumed Archer
Connection lost

Rejoining the realm…

Still unreachable

The connection could not be restored.

Session expired

The server has moved on; the page needs a fresh start.